 Dungeon Crawl Stone Soup version 0.18.1-5-g4a78601 (webtiles) character file.

154 M4edhros the Poker (level 5, 0/43 (48) HPs)
             Began as a Kobold Chaos Knight on May 12, 2016.
             Slain by a red ugly thing (8 damage)
             ... on level 1 of the Dungeon.
             The game lasted 00:04:06 (8018 turns).

M4edhros the Poker (Kobold Chaos Knight)            Turns: 8018, Time: 00:04:08

HP:   0/43 (48)     AC: 22    Str: 11    XL:     5   Next: 63%
MP:   5/5           EV:  3    Int: 10    God:    Xom [..*...]
Gold: 101           SH:  0    Dex: 16    Spells: 0 memorised, 4 levels left

rFire  + . .     SeeInvis .     (weapon restricted)
rCold  . . .     Gourm    .     (armour currently unavailable)
rNeg   + + +     Faith    .     (shield restricted)
rPois  +         Spirit   .     (helmet currently unavailable)
rElec  .         Dismiss  .     (cloak currently unavailable)
rCorr  .         Reflect  .     (gloves currently unavailable)
SustAt .         Harm     .     (boots currently unavailable)
MR     .....     NoTele   +     (no amulet)
Stlth  +.........               (no ring)
                                h - ring of protection from fire

@: tree-form, not resistant to hostile enchantments, very unstealthy
A: carnivore 3
a: Renounce Religion


You were on level 1 of the Dungeon.
You worshipped Xom.
You were a toy of Xom.
You were full.
You were a tree.
You visited 1 branch of the dungeon, and saw 3 of its levels.

You collected 101 gold pieces.

Inventory:

Hand Weapons
 a - a +0 spear of chaos
Missiles
 i - 42 arrows
Armour
 b - a +2 leather armour (melded)
Jewellery
 f - an uncursed ring of fire {unknown}
 h - a ring of protection from fire (left branch)
Scrolls
 d - 2 scrolls of remove curse {unknown}
 g - 2 scrolls of identify {unknown}
 j - a scroll of noise {unknown}
 n - a scroll of magic mapping {unknown}
 q - a scroll of fog {unknown}
Potions
 p - a potion of lignification
Miscellaneous
 k - a disc of storms
Comestibles
 c - a meat ration
 l - a royal jelly


   Skills:
 - Level 3.2 Fighting
 + Level 4.8 Polearms
 - Level 0.7 Armour
 - Level 2.4 Dodging


You had 4 spell levels left.
You didn't know any spells.

Dungeon Overview and Level Annotations

Branches:
Dungeon (3/15)

Altars:


Innate Abilities, Weirdness & Mutations

You are small and have problems with some larger weapons.
You are carnivorous and can eat meat at any time.


Message History

You barely miss the red ugly thing.
The red ugly thing is lightly wounded.
The red ugly thing stings you.
You are engulfed in flames.
You resist.
You hit the red ugly thing.
The red ugly thing is lightly wounded.
The red ugly thing stings you but does no damage.
You smack the red ugly thing!
The red ugly thing is moderately wounded.
The red ugly thing stings you but does no damage.
You barely miss the red ugly thing.
The red ugly thing is moderately wounded.
The red ugly thing stings you.
You are engulfed in flames.
You resist.
* * * LOW HITPOINT WARNING * * *
You smack the red ugly thing!
The red ugly thing is moderately wounded.
The red ugly thing stings you.
* * * LOW HITPOINT WARNING * * *
You are engulfed in flames!
You resist.
You die...
Xom titters!

#.######## #.# #... #.#
#.## ###############.#
#.# ###.....)..####.#
#.#
###'###'##.####.#####.##
##...#...#..............
##...#.u.####.#.........
##...#.♣.####.#####.#.#.
##.<.#.>.####.# #......
##...#...####.# #..#.#.
##...#.>.####.####......
##...#...####.##........
###'###'#####.##....#.##
###.###.......#.......#
###.....#######.......##
#######.#######......(..


You could see a red ugly thing.

Vanquished Creatures
  An orc wizard (D:2)
  A gnoll (D:1)
  3 adders
  2 oozes (D:1)
  4 dart slugs (D:1)
  2 giant geckos
  3 orcs (D:2)
  6 bats
  3 giant cockroaches
  7 goblins (D:1)
  7 hobgoblins
  4 jackals (D:1)
  A quokka (D:2)
  A ball python (D:2)
  4 giant newts
  10 kobolds
  10 rats
69 creatures vanquished.

Notes
Turn   | Place    | Note
--------------------------------------------------------------
     0 | D:1      | M4edhros the Kobold Chaos Knight began the quest for the Orb.
     0 | D:1      | Reached XP level 1. HP: 14/14 MP: 1/1
    57 | D:1      | XOM: smoke on damage
    71 | D:1      | Reached XP level 2. HP: 17/19 MP: 2/2
   186 | D:1      | Reached skill level 3 in Polearms
   212 | D:1      | XOM: silly message
   588 | D:1      | XOM: god gift: 23 arrows
   701 | D:1      | XOM: divination: detect items
  1248 | D:1      | Reached XP level 3. HP: 23/23 MP: 3/3
  1483 | D:1      | XOM: cast spell 'Hydra Form'
  1582 | D:1      | XOM: harmless Pois miscast
  2214 | D:1      | XOM: silly message
  2588 | D:1      | Reached XP level 4. HP: 17/28 MP: 4/4
  2629 | D:1      | XOM is BORED!
  2629 | D:1      | XOM: noise
  2692 | D:1      | Reached skill level 4 in Polearms
  2863 | D:1      | XOM: colour smoke trail
  3118 | D:1      | XOM is BORED!
  3118 | D:1      | XOM: medium Fire miscast
  3526 | D:1      | XOM: harmless Divn miscast
  4040 | D:1      | XOM: harmless Pois miscast
  4149 | D:1      | XOM: harmless Ice miscast
  4196 | D:1      | XOM: god gift: disc of storms
  4488 | D:1      | XOM: harmless Divn miscast
  5449 | D:1      | XOM: divination: detect creatures
  5687 | D:1      | XOM: mild Erth miscast
  5812 | D:1      | XOM: summons 1 hostile demon
  6030 | D:2      | XOM: harmless Hex miscast
  6135 | D:2      | Reached XP level 5. HP: 31/32 MP: 5/5
  6274 | D:2      | XOM: repel stairs
  6285 | D:2      | XOM: noise
  6290 | D:2      | XOM: colour smoke trail
  6299 | D:2      | XOM: confusion
  6300 | D:2      | XOM: enchant monster (bad)
  6522 | D:2      | XOM: summons 5 hostile shadow creatures
  7292 | D:1      | XOM: severe Conj miscast
  7463 | D:1      | XOM: severe Necr miscast
  7610 | D:1      | XOM: torment (16/29 hp)
  7790 | D:1      | XOM: vitrification
  7936 | D:1      | XOM: mild Conj miscast
  8000 | D:1      | Noticed a red ugly thing
  8018 | D:1      | Slain by a red ugly thing

Skill      XL: |  1  2  3  4 |
---------------+-------------+-----
Polearms       | 3 4 |  4.8
Fighting       | |  3.2
Armour         | |  0.7
Dodging        | |  2.4

Action                   |  1- 3 |  4- 6 || total
-------------------------+-------+-------++-------
Melee: Spear             |   105 |   115 ||   220
       Unarmed           |       |     9 ||     9
  Use: Potion            |       |     5 ||     5
 Stab: Paralysed         |     1 |       ||     1
       Sleeping          |     1 |       ||     1
       Distracted        |       |     2 ||     2
  Eat: Chunk             |    14 |    12 ||    26
Armor: Leather armour    |    15 |    26 ||    41
       Skin              |       |     6 ||     6
Dodge: Dodged            |    54 |    79 ||   133
